 Dungeon Crawl Stone Soup version 0.28-a0-1184-g53156a8862 (webtiles) character file.

Game seed: 251758257073762080

47 lonewolfV2 the Skirmisher (level 3, -3/33 HPs)
             Began as a Draconian Berserker on Dec 17, 2021.
             Was a Believer of Trog.
             Slain by a worm (9 damage)
             ... on level 2 of the Dungeon.
             The game lasted 00:01:42 (1699 turns).

lonewolfV2 the Skirmisher (Draconian Berserker)     Turns: 1699, Time: 00:01:42

Health: -3/33      AC:  5    Str: 19    XL:     3   Next: 48%
Magic:  3/3        EV: 12    Int:  7    God:    Trog [**....]
Gold:   77         SH:  0    Dex: 12    Spells: 2/2 levels left

rFire   . . .      SeeInvis .   e - +3 dagger
rCold   . . .      Faith    .   (no shield)
rNeg    . . .      Spirit   .   (armour unavailable)
rPois   .          Reflect  .   (helmet restricted)
rElec   .          Harm     .   (no cloak)
rCorr   .          Rampage  .   (no gloves)
Will    .....                   (no boots)
Stlth   +.........              (no amulet)
HPRegen 0.11/turn               (no ring)
MPRegen 0.08/turn               (no ring)

@: no status effects
A: AC +5, unfitting armour, cold-blooded
a: Renounce Religion, Berserk, Trog's Hand


You were on level 2 of the Dungeon.
You worshipped Trog.
Trog was pleased with you.
You visited 1 branch of the dungeon, and saw 2 of its levels.

You collected 77 gold pieces.

Inventory:

Hand Weapons
 a - a +0 hand axe
 e - a +3 dagger (weapon)
Jewellery
 b - a ring of magical power
Scrolls
 d - a scroll of fear {unknown}
 f - a scroll of amnesia {unknown}
 g - a scroll of brand weapon {unknown}
Potions
 c - a potion of lignification {unknown}
 h - a potion of brilliance {unknown}


   Skills:
 + Level 3.8 Fighting
 + Level 0.1 Short Blades
 + Level 3.7 Axes
 + Level 3.0 Dodging
 + Level 0.4 Stealth


You had 2 spell levels left.
You didn't know any spells.
Your spell library was empty.

Dungeon Overview and Level Annotations

Branches:
Dungeon (2/15)

Altars:


Innate Abilities, Weirdness & Mutations

Your plain brown scales are hard. (AC +5)
You cannot fit into any form of body armour.
You are cold-blooded and may be slowed by cold attacks.


Message History

You hit the adder.
You kill the adder!
Trog accepts your kill. The hobgoblin barely misses you.
The kobold closely misses you.
You hit the hobgoblin.
The hobgoblin is almost dead.
The rat bites you. The hobgoblin closely misses you.
The kobold closely misses you.
You hit the hobgoblin but do no damage.
The hobgoblin is almost dead.
The rat bites you but does no damage. The hobgoblin barely misses you.
The worm closely misses you. The kobold closely misses you.
You hit the hobgoblin.
You kill the hobgoblin!
Trog accepts your kill. The rat closely misses you.
The kobold hits you but does no damage.
A frilled lizard comes into view.
The rat bites you but does no damage. The worm bites you!
The kobold hits you with a +0 short sword.
You see here a hobgoblin corpse.
You hit the worm.
The worm is lightly wounded.
The rat bites you but does no damage.
The kobold hits you with a +0 short sword.
You hit the worm.
Your tail-slap misses the worm.
The worm is moderately wounded.
The rat bites you but does no damage. The worm bites you!
The kobold hits you with a +0 short sword.
* * * LOW HITPOINT WARNING * * *
You hit the worm. You tail-slap the worm.
The worm is severely wounded.
The rat misses you. The worm bites you but does no damage.
The kobold barely misses you.
You puncture the worm!
The worm is almost dead.
The rat bites you but does no damage. The kobold barely misses you.
You hit the worm but do no damage.
The worm is almost dead.
The rat closely misses you. The worm bites you!
You die...

..#......(..........
.......................
.#....................
....................#
...#..............##
#####..#...:..##......##
#...#..#..##....#.###..#
#......#.......# ##.#
#.w@r.#.###.#### #..
#####lK.†.#.#......###..
.......†................
..[.....................
...........#######..##..
..........## #.#####
..........## #.# #
.#......<..#######.# #
#.................#####


You could see a worm, a kobold, a frilled lizard and a rat.

Vanquished Creatures
  An adder (D:2)
  2 dart slugs
  2 ball pythons (D:1)
  5 endoplasms
  2 giant cockroaches (D:1)
  3 goblins
  3 hobgoblins (D:2)
  3 quokkas (D:1)
  A frilled lizard (D:1)
  4 kobolds
  4 rats
30 creatures vanquished.

Notes
Turn   | Place    | Note
-------+----------+-------------------------------------------
     0 | D:1      | lonewolfV2 the Draconian Berserker began the quest for the
                  | Orb.
     0 | D:1      | Reached XP level 1. HP: 19/19 MP: 1/1
   527 | D:1      | Reached XP level 2. HP: 26/26 MP: 2/2
  1003 | D:1      | Reached ** piety under Trog
  1166 | D:1      | Found a faded altar of an unknown god.
  1446 | D:2      | Reached XP level 3. HP: 25/33 MP: 3/3
  1699 | D:2      | Slain by a worm

Illustrated notes

Levels and vault maps discovered:
D:1:      dpeg_arrival_ternary, layout_loops_corners,
          dilly_ecumenical_altar_fadedgnrine, minmay_misc_feat_tower
D:2:      layout_rooms, minmay_misc_feat_columns, minmay_distorted

Skill      XL: |  1  2 |
---------------+-------+-----
Dodging        | 3 |  3.0
Fighting       | |  3.8
Short Blades   | |  0.1
Axes           | |  3.7
Stealth        | |  0.4

Action                   || total
-------------------------++-------
Melee: Hand axe          ||    33
       Tailslap          ||     8
       Dagger            ||    55
Armor: Skin              ||    35
Dodge: Dodged            ||    67

Table legend: (Time is in decaauts)
 A = Elapsed time spent in this place.
 B = Non-inter-level travel time spent in this place.
 C = Inter-level travel time spent in this place.
 D = Time resting spent in this place.
 E = Time spent auto-exploring this place.
 F = Levels seen in this place.
 G = Mean time per level.
                   A        B        C        D        E       F      G
               +--------+--------+--------+--------+--------+-----+--------+
         Total |   1703 |   1658 |     45 |      0 |   1379 |   2 |  851.5 |
       Dungeon |   1703 |   1658 |     45 |      0 |   1379 |   2 |  851.5 |
               +--------+--------+--------+--------+--------+-----+--------+

Top non-repeatable levels by time:
     D:1: 1399 daAuts
     D:2: 303 daAuts
